 Dungeon Crawl Stone Soup version 0.30-a0-793-g160f7cfddd (webtiles) character file.

Game seed: 5415849622702642190

7183 BubbleThief the Geomancer (level 11, -5/74 HPs)
             Began as a Gargoyle Earth Elementalist on Feb 20, 2023.
             Was a Believer of Vehumet.
             Slain by a yak (11 damage)
             ... on level 9 of the Dungeon.
             The game lasted 00:18:45 (9164 turns).

BubbleThief the Geomancer (GrEE)                    Turns: 9164, Time: 00:18:45

Health: -5/74      AC: 18    Str: 12    XL:     11   Next: 11%
Magic:  22/22      EV: 16    Int: 26    God:    Vehumet [**....]
Gold:   666        SH:  0    Dex: 10    Spells: 21/25 levels left

rFire   . . .      SeeInvis .    I - +3 dire flail
rCold   . . .      Faith    .    (shield currently unavailable)
rNeg    + . .      Spirit   .    a - +0 robe
rPois   ∞          Reflect  .    s - +0 helmet
rElec   +          Harm     .    p - +2 cloak
rCorr   .          Rampage  .    H - +2 pair of gloves {Stlth+}
Will    .....                    C - +0 pair of boots
Stlth   +++                      n - amulet of magic regeneration
HPRegen 0.32/turn                P - +6 ring of intelligence
MPRegen 0.58/turn                g - +5 ring of evasion

@: studying Shields
A: sickness immunity, AC +8, negative energy resistance 1, electricity
resistance, torment resistance 1, petrification resistance
a: Renounce Religion


You were on level 9 of the Dungeon.
You worshipped Vehumet.
Vehumet was pleased with you.
You visited 3 branches of the dungeon, and saw 11 of its levels.
You also visited: Bailey.

You collected 666 gold pieces.

Inventory:

Hand Weapons
 F - a +1 flail of draining
 I - a +3 dire flail (weapon)
 J - a +3 war axe
 Q - a +2 heavy executioner's axe
Armour
 a - a +0 robe (worn)
 p - a +2 cloak (worn)
 s - a +0 helmet (worn)
 C - a +0 pair of boots (worn)
 H - a +2 pair of gloves of stealth (worn)
Jewellery
 g - a +5 ring of evasion (right hand)
 j - a ring of positive energy
 n - an amulet of magic regeneration (around neck)
 q - a ring of willpower
 G - a ring of flight
 P - a +6 ring of intelligence (left hand)
 R - a ring of protection from fire
Wands
 x - a wand of mindburst (10)
 y - a wand of polymorph (9)
 K - a wand of charming (3)
 L - a wand of roots (11)
 T - a wand of quicksilver (5)
Scrolls
 c - a scroll of enchant armour
 e - 10 scrolls of enchant weapon
 f - 3 scrolls of poison
 h - 2 scrolls of vulnerability
 i - a scroll of blinking
 k - a scroll of fog
 l - a scroll of identify
 m - 2 scrolls of teleportation {unknown}
 r - a scroll of acquirement {unknown}
 u - a scroll of butterflies {unknown}
 z - 2 scrolls of noise {unknown}
 A - a scroll of torment {unknown}
 M - a scroll of silence {unknown}
 N - 3 scrolls of immolation {unknown}
 S - a scroll of amnesia {unknown}
Potions
 b - a potion of magic
 d - 3 potions of haste
 o - a potion of berserk rage
 t - 3 potions of mutation
 v - a potion of cancellation
 w - 2 potions of lignification
 D - 2 potions of curing
 E - 2 potions of brilliance
 O - 2 potions of heal wounds


   Skills:
 + Level 11.5 Fighting
 - Level 1.5 Dodging
 - Level 2.1 Stealth
 + Level 7.6 Spellcasting
 - Level 0.7 Transmutations
 + Level 12.7 Earth Magic


You had 21 spell levels left.
You knew the following spells:

 Your Spells              Type           Power      Damage    Failure   Level
a - Sandblast             Erth           100%       2d20      1%          1
b - Stone Arrow           Conj/Erth      84%        3d12      1%          3

Your spell library contained the following spells:

 Spells                   Type           Power      Damage    Failure   Level
 Inner Flame              Hex/Fire       9%         N/A       19%         3
 Passwall                 Tmut/Erth      36%        N/A       1%          2
 Petrify                  Tmut/Erth      44%        N/A       3%          4
 Shock                    Conj/Air       36%        1d5       6%          1
 Static Discharge         Conj/Air       18%        2-3/arc   9%          2
 Hailstorm                Conj/Ice       9%         3d4       19%         3
 Swiftness                Air            9%         N/A       19%         3
 Vhi's Electric Charge    Tloc/Air       18%        N/A       19%         3
 Ice Form                 Ice/Tmut       11%        N/A       45%         4
 Airstrike                Air            4%         2d(1-17)  52%         4
 Arcjolt                  Conj/Air       4%         1d14      86%         5
 Lightning Bolt           Conj/Air       4%         1d16      86%         5
 Simulacrum               Ice/Necr       4%         N/A       100%        6


Dungeon Overview and Level Annotations

Branches:
Dungeon (9/15)             Temple (1/1) D:6            Lair (1/5) D:9
 Bailey (visited)
    Orc: D:9-12

Altars:
Ashenzari
Cheibriados
Dithmenos
Elyvilon
Fedhas
Gozag
Hepliaklqana
Kikubaaqudgha
Makhleb
Nemelex Xobeh
Okawaru
Qazlal
Ru
Sif Muna
Trog
Uskayaw
Vehumet
Wu Jian
Xom
Yredelemnul
Zin
The Shining One


Innate Abilities, Weirdness & Mutations

You are immune to sickness and miasma.
Your stone body is resilient. (AC +8)
You are immune to poison.
You resist negative energy. (rN+)
You are resistant to electric shocks. (rElec)
You are resistant to unholy torment.
You are immune to petrification.


Message History

Aim: a yak (severely wounded, 91% to hit)
The blast of sand hits the yak!
The yak is almost dead.
The yak gores you but does no damage. x2; The yak gores you.
Aiming: Sandblast (safe; 1% risk of failure)
Press: ? - help, Q - select action, (/) - cycle Shift-Dir - straight line, f/p - yak
Aim: a yak (almost dead, 91% to hit)
The blast of sand hits the yak!!
You kill the yak!
Vehumet accepts your kill.
You feel your power returning. The yak completely misses you.
The yak gores you but does no damage. The yak gores you! The yak misses you.
The yak closely misses you.
Aiming: Sandblast (safe; 1% risk of failure)
Press: ? - help, Q - select action, (/) - cycle Shift-Dir - straight line, f - yak
Aim: a yak (91% to hit)
The blast of sand hits the yak!
The yak is heavily wounded.
The yak gores you. The yak gores you!
* * * LOW HITPOINT WARNING * * *
The yak gores you but does no damage.
Aiming: Sandblast (safe; 1% risk of failure)
Press: ? - help, Q - select action, (/) - cycle Shift-Dir - straight line, f/p - yak
Aim: a yak (heavily wounded, 91% to hit)
Okay, then.
The yak attacks as you move away! The yak gores you.
* * * LOW HITPOINT WARNING * * *
The yak gores you but does no damage.
Aiming: Charm
Press: ? - help, Shift-Dir - straight line, f - yak, p - yak
Aim: a yak (chance to affect: 49%)
The yak resists with some effort.
The yak gores you.
* * * LOW HITPOINT WARNING * * *
Aiming: Sandblast (safe; 1% risk of failure)
Press: ? - help, Q - select action, (/) - cycle Shift-Dir - straight line, f/p - yak
Aim: a yak (91% to hit)
The blast of sand hits the yak!
The yak is moderately wounded.
The yak closely misses you. The yak gores you!
You die...

#.......##### #######
##.......# .......
.........#
.................#
.................#
....... .........##
.....# ########†.#
.....# #YY# .....# #@Y#
.....# #..# .....# #..#
.....###########..#####
......................#
#.....................#
#............####.....#
#.........#### #.....#
#.........# #.....#


You could see 3 yaks.

Vanquished Creatures
  A kobold demonologist (D:9)
  3 hornets
  2 blink frogs (D:9)
  A vampire (D:9)
  11 yaks (D:9)
  A water moccasin (D:8)
  A black bear (D:5)
  An ice beast (D:7)
  10 orc warriors
  A sky beast (D:7)
  The ghost of Mickster the Chopper, an amateur MiGl (D:4)
  12 centaurs
  A phantom (D:4)
  A kobold brigand (D:7)
  A bullfrog (D:7)
  A necrophage (D:6)
  A gnoll sergeant (D:8)
  5 scorpions
  7 wights
  A crimson imp (D:5)
  4 jellies
  3 hounds
  Crazy Yiuf (D:4)
  2 orc priests (D:9)
  A gnoll bouda (D:7)
  An iguana (D:5)
  Ijyb (D:3)
  2 orc wizards
  Terence (D:3)
  Robin (D:3)
  16 gnolls
  9 adders
  4 white imps
  2 ufetubi (D:6)
  A worm (D:4)
  4 dart slugs
  46 orcs
  5 endoplasms
  A giant cockroach (D:1)
  18 goblins
  9 hobgoblins
  11 kobolds
  3 quokkas
  7 ball pythons
  5 bats
  5 frilled lizards
  6 rats
232 creatures vanquished.

Vanquished Creatures (others)
  2 fungi (D:4)
2 creatures vanquished.

Grand Total: 234 creatures vanquished

Notes
Turn   | Place    | Note
-------+----------+-------------------------------------------
     0 | D:1      | BubbleThief the Gargoyle Earth Elementalist began the quest
                  | for the Orb.
     0 | D:1      | Reached XP level 1. HP: 10/10 MP: 3/3
   137 | D:1      | Reached skill level 4 in Earth Magic
   151 | D:1      | Reached XP level 2. HP: 15/15 MP: 0/5
   790 | D:1      | Reached XP level 3. HP: 19/19 MP: 4/6
  1306 | D:2      | Identified the +1 pair of gloves of Minor Irritation
                  | {Regen+}
  1367 | D:2      | Reached skill level 5 in Earth Magic
  1757 | D:2      | Reached XP level 4. HP: 24/24 MP: 6/8
  2068 | D:3      | Found a sparkling altar of Nemelex Xobeh.
  2153 | D:3      | Noticed Robin
  2182 | D:3      | Killed Robin
  2307 | D:3      | Reached XP level 5. HP: 28/28 MP: 7/9
  2400 | D:3      | Noticed Terence
  2406 | D:3      | Killed Terence
  2407 | D:3      | Reached skill level 6 in Earth Magic
  2678 | D:3      | Noticed Ijyb
  2689 | D:3      | Killed Ijyb
  3214 | D:4      | Reached XP level 6. HP: 32/32 MP: 6/11
  3406 | D:4      | Found a runed translucent door.
  3421 | D:4      | Reached skill level 7 in Earth Magic
  3489 | D:4      | Noticed Mickster's ghost (amateur MiGl)
  3588 | D:4      | Found a runed translucent door.
  3589 | D:4      | Noticed Crazy Yiuf
  3973 | D:4      | Killed Mickster's ghost
  3974 | D:4      | Reached skill level 8 in Earth Magic
  3974 | D:4      | Reached XP level 7. HP: 10/36 MP: 10/13
  4116 | D:4      | Killed Crazy Yiuf
  4220 | D:5      | Entered Level 5 of the Dungeon
  4612 | D:5      | Reached skill level 9 in Earth Magic
  4846 | D:5      | Reached skill level 5 in Spellcasting
  4846 | D:5      | Reached XP level 8. HP: 41/41 MP: 15/15
  5042 | D:5      | Found a shimmering altar of Xom.
  5048 | D:5      | Found a hazy altar of Hepliaklqana.
  5050 | D:5      | Found a bloodstained altar of Trog.
  5050 | D:5      | Found a hide-covered altar of Uskayaw.
  5050 | D:5      | Found a sacrificial altar of Ru.
  5051 | D:5      | Found an ornate altar of the Wu Jian Council.
  5053 | D:5      | Found a snail-covered altar of Cheibriados.
  5054 | D:5      | Found a basalt altar of Yredelemnul.
  5055 | D:5      | Found a shadowy altar of Dithmenos.
  5197 | D:6      | Found a blossoming altar of Fedhas.
  5233 | D:6      | Reached skill level 10 in Earth Magic
  5503 | D:6      | Found a staircase to the Ecumenical Temple.
  5507 | D:6      | Identified the +1 plate armour of the Hidden Vale {rC-
                  | Int-4 Dex+8 Stlth+}
  5513 | Temple   | Entered the Ecumenical Temple
  5565 | Temple   | Became a worshipper of Vehumet
  5798 | D:6      | Found a shimmering blue altar of Sif Muna.
  5842 | D:7      | Learned a level 3 spell: Stone Arrow
  5873 | D:7      | Reached skill level 11 in Earth Magic
  6098 | D:7      | Noticed a hornet
  6114 | D:7      | Reached skill level 1 in Fighting
  6114 | D:7      | Reached XP level 9. HP: 47/47 MP: 16/18
  6128 | D:7      | Killed a hornet
  6160 | D:7      | Found a flagged portal.
  6171 | Bailey   | Entered a bailey
  6175 | Bailey   | Reached * piety under Vehumet
  6175 | Bailey   | Offered knowledge of Kiss of Death by Vehumet.
  6329 | Bailey   | Reached skill level 5 in Fighting
  6571 | Bailey   | Reached XP level 10. HP: 54/65 MP: 10/19
  6574 | Bailey   | Offered knowledge of Searing Ray by Vehumet.
  6679 | Bailey   | Reached ** piety under Vehumet
  7061 | D:7      | Reached skill level 10 in Fighting
  8063 | D:8      | Identified the +2 halberd "Goblinbane" {spect, rN++}
  8207 | D:9      | Noticed a kobold demonologist
  8210 | D:9      | Killed a kobold demonologist
  8234 | D:9      | Found a staircase to the Lair.
  8347 | D:9      | Found a glowing golden altar of the Shining One.
  8351 | D:9      | Offered knowledge of Inner Flame by Vehumet.
  8439 | D:9      | Reached skill level 12 in Earth Magic
  8756 | Lair:1   | Entered Level 1 of the Lair of Beasts
  8756 | Lair:1   | Found the amulet of the Air {Inacc Air Fly rElec RMsl}
  8757 | Lair:1   | Noticed a black mamba
  9148 | D:9      | Reached XP level 11. HP: 74/74 MP: 21/21
  9164 | D:9      | Slain by a yak

Illustrated notes

Levels and vault maps discovered:
D:1:      evilmike_arrival_crescent, layout_basic, minmay_fountain_box
D:2:      layout_loops_ring
D:3:      layout_loops_cross, mainiacjoe_overflow_alcove_1, uniq_terence,
          uniq_robin, uniq_ijyb
D:4:      layout_basic, ebering_ghost_sewer_d, wad_floor_pattern_untrapped,
          uniq_crazy_yiuf_cottage
D:5:      layout_basic, minitemple, minmay_fire_ice_demons
D:6:      minmay_general_purpose_star, layout_basic, led_sif_pool,
          fedhas_altar_2, minmay_temple_entry_grid
D:7:      layout_layer_cave, enter_bailey_3
D:8:      layout_loops_ring, nrook_uturn
D:9:      layout_irregular_city, nicolae_tso_carved_into_rock, lair_entry_dummy,
          nicolae_diode_basic, uniq_prince_ribbit1
Temple:   kb_temple_of_zot
Lair:1:   layout_big_grid, dreamdust_wasp_nest, serial_bayou_shore_a

Skill      XL: |  1  2  3  4  5  6  7  8  9 10 |
---------------+-------------------------------+-----
Earth Magic    | 4 5 6 8 9 11 12 | 12.7
Spellcasting   | 3 4 5 6 7 |  7.6
Fighting       | 1 8 11 | 11.5
Dodging        | |  1.5
Stealth        | |  2.1
Transmutations | |  0.7

Action                     |  1- 3 |  4- 6 |  7- 9 | 10-12 || total
---------------------------+-------+-------+-------+-------++-------
  Melee: Unarmed           |     1 |       |       |       ||     1
         Short sword       |     5 |     4 |       |       ||     9
         Dire flail        |       |       |     2 |     1 ||     3
   Cast: Sandblast         |    47 |   102 |   171 |   109 ||   429
         Stone Arrow       |       |       |    15 |    11 ||    26
  Evoke: Wand              |       |       |     1 |     2 ||     3
    Use: Scroll            |       |       |       |    12 ||    12
   Stab: Sleeping          |       |       |     1 |       ||     1
 Armour: Robe              |    12 |    27 |    33 |    66 ||   138
  Dodge: Dodged            |    17 |    43 |    71 |    92 ||   223

Table legend: (Time is in decaauts)
 A = Elapsed time spent in this place.
 B = Non-inter-level travel time spent in this place.
 C = Inter-level travel time spent in this place.
 D = Time resting spent in this place.
 E = Time spent auto-exploring this place.
 F = Levels seen in this place.
 G = Mean time per level.
                   A        B        C        D        E       F      G
               +--------+--------+--------+--------+--------+-----+--------+
         Total |   9389 |   9147 |    242 |    426 |   6993 |  12 |  782.4 |
       Dungeon |   8501 |   8286 |    215 |    350 |   6564 |   9 |  944.6 |
        Temple |     80 |     53 |     27 |      0 |     43 |   1 |   80.0 |
          Lair |      4 |      4 |      0 |      0 |      0 |   1 |    4.0 |
        Bailey |    802 |    802 |      0 |     76 |    385 |   1 |  802.0 |
               +--------+--------+--------+--------+--------+-----+--------+

Top non-repeatable levels by time:
     D:1: 1312 daAuts
     D:4: 1147 daAuts
     D:3: 1129 daAuts
     D:7: 1045 daAuts
     D:5: 952 daAuts
     D:9: 890 daAuts
  Bailey: 802 daAuts
     D:8: 718 daAuts
     D:2: 708 daAuts
     D:6: 596 daAuts
  Temple: 80 daAuts
  Lair:1: 4 daAuts
